 Dungeon Crawl Stone Soup version 0.29.0-7-g18a832c13a (webtiles) character file.

Game seed: 18101013142231264512

80 Ijustatesigmund the Trooper (level 4, -1/41 HPs)
             Began as a Minotaur Fighter on Sept 1, 2022.
             Killed from afar by a white imp (8 damage)
             ... with a puff of frost
             ... summoned by Natasha
             ... on level 2 of the Dungeon.
             The game lasted 00:01:53 (1364 turns).

Ijustatesigmund the Trooper (Minotaur Fighter)      Turns: 1364, Time: 00:01:53

Health: -1/41      AC:  9    Str: 22    XL:     4   Next: 18%
Magic:  3/3        EV:  7    Int:  5    God:
Gold:   74         SH:  4    Dex: 10    Spells: 3/3 levels left

rFire   + . .      SeeInvis .   a - +0 war axe
rCold   . . .      Faith    .   c - +0 buckler
rNeg    + . .      Spirit   .   b - +0 chain mail
rPois   .          Reflect  .   (helmet restricted)
rElec   .          Harm     .   (no cloak)
rCorr   .          Rampage  .   (no gloves)
Will    .....                   (no boots)
Stlth   ..........              (no amulet)
HPRegen 0.13/turn               g - ring of protection from fire
MPRegen 0.08/turn               j - ring of positive energy

@: lethally poisoned (-1 -> -7)
A: horns 2, retaliatory headbutt
a: no special abilities


You were on level 2 of the Dungeon.
You visited 1 branch of the dungeon, and saw 2 of its levels.

You collected 74 gold pieces.

Inventory:

Hand Weapons
 a - a +0 war axe (weapon)
Armour
 b - a +0 chain mail (worn)
 c - a +0 buckler (worn)
Jewellery
 g - a ring of protection from fire (left hand)
 j - a ring of positive energy (right hand)
Scrolls
 e - 3 scrolls of identify
 h - a scroll of enchant armour
 i - a scroll of teleportation {unknown}
 k - a scroll of enchant weapon {unknown}
Potions
 d - a potion of might
 f - 2 potions of flight {unknown}


   Skills:
 + Level 4.6 Fighting
 * Level 4.6 Axes
 - Level 3.6 Armour
 - Level 3.6 Shields


You had 3 spell levels left.
You didn't know any spells.
Your spell library contained the following spells:

 Spells                   Type           Power      Damage    Failure   Level
 Hailstorm                Conj/Ice       0%         3d3       100%        4
 Ice Form                 Ice/Tmut       0%         N/A       100%        4
 Simulacrum               Ice/Necr       0%         N/A       100%        6


Dungeon Overview and Level Annotations

Branches:
Dungeon (2/15)

Altars:

Annotations:
D:2 Natasha


Innate Abilities, Weirdness & Mutations

You have a pair of horns on your head.
You reflexively headbutt those who attack you in melee.


Message History

Natasha is severely wounded.
You barely miss the shadow imp. Natasha closely misses you.
You furiously retaliate!
You headbutt Natasha!
You kill Natasha!
Natasha yowls pathetically as she dies!
The shadow imp disappears in a puff of smoke!
You have reached level 4!
You feel agile.
You see here a quokka corpse.
k - a scroll labelled ESHOKLA VOLENEGYAP You start resting.
Natasha, Servant of Life and Death comes into view.
Natasha is nearby!
Natasha is nearby!
Natasha drinks a potion.
Natasha suddenly seems more resistant.
Natasha casts a spell at you. The magic dart hits you.
Natasha stares at you and mumbles some strange words.
The magic dart hits you.
You see here the felid corpse of Natasha.
An adder comes into view.
Natasha casts a spell.
You hit Natasha.
Natasha is lightly wounded.
You block Natasha's attack.
You hit Natasha.
Natasha is lightly wounded.
Natasha claws you.
* * * LOW HITPOINT WARNING * * *
The white imp shouts, "Get thee gone, thou yeasty sheep-biting dewberry!"
Natasha claws you but does no damage.
You completely miss Natasha. Your headbutt misses Natasha.
Natasha is lightly wounded.
You hit the white imp. You barely miss the adder. The adder bites you.
* * * LOW HITPOINT WARNING * * *
You are poisoned.
The adder poisons you! The white imp gestures at you.
The puff of frost hits you!
You die...

....P...# #.....[..........
........#..######................
.....<..##.......................
........###.....>.....†..........
##########.......................
....... ..................####.
######. #...............## #
####..5.†...........# #
......h@............#
......S.........)...#
~~...~.~~...........#
~P..~~P~P#..........#
~P~~~~~~~##.)......##
~~P~~P~~P###......## ~P~~~~P~~#
######## ~~~≈~~~P~#


You could see Natasha (resistant), an adder and a white imp (summoned).

Vanquished Creatures
  Natasha (twice) (D:2)
  A dart slug (D:1)
  7 ball pythons
  A bat (D:1)
  An endoplasm (D:1)
  5 goblins
  5 hobgoblins
  2 kobolds (D:1)
  A quokka (D:2)
  A rat (D:1)
26 creatures vanquished.

Vanquished Creatures (others)
  10 plants (D:2)
10 creatures vanquished.

Grand Total: 36 creatures vanquished

Notes
Turn   | Place    | Note
-------+----------+-------------------------------------------
     0 | D:1      | Ijustatesigmund the Minotaur Fighter began the quest for
                  | the Orb.
     0 | D:1      | Reached XP level 1. HP: 19/19 MP: 0/0
   381 | D:1      | Found a faded altar of an unknown god.
   389 | D:1      | Reached XP level 2. HP: 21/27 MP: 1/1
  1242 | D:2      | Noticed Natasha
  1246 | D:2      | Killed Natasha
  1247 | D:2      | Reached XP level 3. HP: 26/34 MP: 2/2
  1310 | D:2      | Noticed Natasha
  1326 | D:2      | Killed Natasha
  1327 | D:2      | Reached XP level 4. HP: 15/41 MP: 3/3
  1355 | D:2      | Noticed Natasha
  1364 | D:2      | Killed from afar by a white imp

Illustrated notes

Levels and vault maps discovered:
D:1:      amcnicky_arrival_abandoned_market, layout_rooms,
          nicolae_ecumenical_snake_handling, chequers_avenue
D:2:      layout_rooms, serial_bayou, serial_bayou_shore_b, serial_bayou_pond_c,
          serial_bayou_crossing, serial_bayou_pond_c, serial_bayou_shore_a,
          serial_bayou_pond_e, uniq_natasha

Skill      XL: |  1  2 |
---------------+-------+-----
Axes           | 3 4 |  4.6
Fighting       | 4 |  4.6
Armour         | |  3.6
Shields        | |  3.6

Action                   |  1- 3 |  4- 6 || total
-------------------------+-------+-------++-------
Melee: War axe           |    52 |     3 ||    55
       Headbutt          |     7 |       ||     7
  Use: Scroll            |     2 |       ||     2
Armor: Chain mail        |    38 |     1 ||    39
Dodge: Dodged            |    30 |       ||    30
Block: Buckler           |    22 |     1 ||    23
